AoeStats
← jugi

Arabian Desert

509848489Analyzed
1v1 RM · 3d ago on Sep 28, 2026· 35m 28s· 2 players
Game mode
Random Map
Map size
Tiny (2 player)
Population
200
Speed
Normal
Resources
Standard
Victory
Conquest
Starting age
Dark Age
Ending age
Imperial Age
RankedLock teamsTeams togetherTeam positionsShared explorationLock speedFull tech treeHidden civsTurbo modeCheats
Victory
Defeat
🇫🇷 Mongols · France
1318
+12
🇭🇺 Sicilians · Hungary
1225
-12
jugi
6:42 Loom
9:43 Feudal Age
14:24 Castle Age
16:38 Scale Mail Armor
19:45 Gold Mining
22:36 Chain Mail Armor
22:44 Pikeman
30:05 Double-Bit Axe
30:02 Horse Collar
33:29 Bow Saw
Lelouch9640
6:04 Loom
8:31 Feudal Age
9:47 Double-Bit Axe
17:03 Fletching
20:50 Castle Age
20:44 Scale Barding Armor
20:50 Forging
20:51 Bloodlines
25:48 Wheelbarrow
28:01 Bodkin Arrow
32:20 Chain Barding Armor
35:18 Imperial Age
32:54 Husbandry
32:21 Light Cavalry
34:08 Bow Saw
35:39 Thumb Ring
Connection lost

Rejoining the realm…

Still unreachable

The connection could not be restored.

Session expired

The server has moved on; the page needs a fresh start.